 Dungeon Crawl Stone Soup version 0.19-a0-1064-geb5102e (webtiles) character file.

234 Rome the Ruffian (level 5, 53/53 HPs)
             Began as a Troll Berserker on Aug 3, 2016.
             Was a Priest of Trog.
             Starved to death
             ... while paralysed
             ... on level 3 of the Dungeon.
             The game lasted 00:19:46 (2440 turns).

Rome the Ruffian (Troll Berserker)                  Turns: 2440, Time: 00:19:47

Health: 53/53      AC:  7    Str: 26    XL:     5   Next: 75%
Magic:  4/4        EV:  1    Int:  3    God:    Trog [***...]
Gold:   178        SH:  0    Dex:  9    Spells: 0 memorised, 4 levels left

rFire  . . .     SeeInvis .       - Unarmed
rCold  . . .     Gourm    +     a - +1 animal skin
rNeg   . . .     Faith    .     (no shield)
rPois  .         Spirit   .     (helmet restricted)
rElec  .         Dismiss  .     q - +0 cloak
rCorr  +         Reflect  .     (gloves unavailable)
SustAt .         Harm     .     (boots unavailable)
MR     .....                    o - amulet of rage
Stlth  +.........               n - ring of resist corrosion
                                (no ring)

@: paralysed, fainting
A: unfitting armour, claws 3, fast metabolism 3, gourmand, regeneration 2,
shaggy fur 1, tough skin 2
a: Berserk, Trog's Hand, Burn Spellbooks, Renounce Religion, Evoke Berserk Rage


You were on level 3 of the Dungeon.
You worshipped Trog.
Trog was most pleased with you.
You were fainting.

You visited 1 branch of the dungeon, and saw 3 of its levels.

You collected 178 gold pieces.

Inventory:

Hand Weapons
 f - a +0 falchion
 p - a +2 quarterstaff of chaos
 r - a +1 hand axe of venom
Missiles
 j - 2 silver tomahawks (quivered)
Armour
 a - a +1 animal skin (worn)
 q - a +0 cloak (worn)
Jewellery
 n - a ring of resist corrosion (right claw)
 o - an amulet of rage (around neck)
Scrolls
 c - a scroll of fear
 h - 5 scrolls of remove curse
 k - 6 scrolls of identify
 l - a scroll of enchant armour
 s - a scroll of recharging
 t - a scroll of noise {unknown}
Potions
 b - a potion of cancellation {unknown}
 d - 3 potions of flight {unknown}
 e - 2 potions of curing
 g - a potion of heal wounds {unknown}
 i - a potion of beneficial mutation {unknown}
 m - a potion of lignification


   Skills:
 + Level 3.0 Fighting
 + Level 0.1 Staves
 + Level 4.0 Dodging
 + Level 0.5 Stealth
 + Level 4.4 Unarmed Combat


You had 4 spell levels left.
You didn't know any spells.

Dungeon Overview and Level Annotations

Branches:
Dungeon (3/15)

Altars:


Innate Abilities, Weirdness & Mutations

You are too large for most types of armour.
You have claws for hands.
Your metabolism is lightning-fast.
You like to eat raw meat.
You heal very quickly.
You are covered in fur. (AC +1)
You have very tough skin. (AC +2)


Message History

The bat closely misses you.
You miss the bat. The bat barely misses you.
You scratch the bat.
The bat is severely wounded.
The bat closely misses you. The bat hits you.
You miss the bat.
The bat is severely wounded.
The bat barely misses you.
You claw the bat!
You kill the bat!
Trog accepts your kill.
You now have 172 gold pieces (gained 19).
You see here a bat corpse.
You are fainting from starvation!
You now have 178 gold pieces (gained 6).
You lose consciousness!
You can move again.
You lose consciousness!
You have starved to death.
You die...

###...###...#.##..........# #
##### #.(.#.##..........#
###...###...#..#..........#.#
##.....##...##............#.#
#.......#...##............#.###
'.[.....#...##...#.#..........#
#†......#...##...#.#..........#
##.....##...##...#.#..........#
###...###.####..@#.#..........#
#########.######.#.#..........#
..........................†...#
..........#)..###..#..........#
#........##...###..#..........###
..................>########.#....
###......############ #.##.## #
#......# #...# ... #.##.# #
#.....#####.#.#.###.### #.##.#


There were no monsters in sight!

Vanquished Creatures
  2 orc priests (D:3)
  Crazy Yiuf (D:2)
  Jessica (D:3)
  5 adders
  2 worms
  A dart slug (D:1)
  2 giant geckos
  5 orcs (D:3)
  A giant cockroach (D:2)
  11 goblins
  4 hobgoblins
  4 jackals (D:2)
  10 kobolds
  2 quokkas
  5 bats
  4 giant newts
  8 rats
  8 fungi (D:1)
  2 plants (D:1)
78 creatures vanquished.

Notes
Turn   | Place    | Note
-------+----------+-------------------------------------------
     0 | D:1      | Rome the Troll Berserker began the quest for the Orb.
     0 | D:1      | Reached XP level 1. HP: 22/22 MP: 0/0
   370 | D:1      | Reached XP level 2. HP: 24/29 MP: 1/1
   915 | D:2      | Reached XP level 3. HP: 36/36 MP: 2/2
  1118 | D:2      | Reached ** piety under Trog
  1344 | D:2      | Found a runed door.
  1348 | D:2      | Noticed Crazy Yiuf
  1355 | D:2      | Killed Crazy Yiuf
  1355 | D:2      | Reached XP level 4. HP: 24/44 MP: 3/3
  1803 | D:3      | Reached XP level 5. HP: 52/52 MP: 4/4
  1935 | D:3      | Noticed Jessica
  1942 | D:3      | Killed Jessica
  2222 | D:3      | Reached *** piety under Trog
  2234 | D:3      | Paralysed by fainting for 12 turns
  2402 | D:3      | Paralysed by fainting for 7 turns
  2438 | D:3      | Paralysed by fainting for 9 turns
  2440 | D:3      | Starved to death

Vault maps used:
D:1:      dpeg_arrival_water_fire
D:2:      first_bread, minmay_tetromino_o2, uniq_crazy_yiuf_cottage
D:3:      kennysheep_six_static_rooms, uniq_jessica

Skill      XL: |  1  2  3  4  5 |
---------------+----------------+-----
Dodging        | 3 4 |  4.0
Unarmed Combat | 4 |  4.4
Fighting       | 3 |  3.0
Staves         | |  0.1
Stealth        | |  0.5

Action                   |  1- 3 |  4- 6 || total
-------------------------+-------+-------++-------
Melee: Unarmed           |   168 |    76 ||   244
       Short sword       |    18 |       ||    18
       Punch             |     3 |     1 ||     4
       Quarterstaff      |       |     7 ||     7
Invok: Berserk           |     1 |     1 ||     2
  Use: Scroll            |     8 |     1 ||     9
       Potion            |     1 |     1 ||     2
  Eat: Bread ration      |     2 |     1 ||     3
       Fruit             |       |     3 ||     3
       Beef jerky        |       |     2 ||     2
Armor: Animal skin       |    51 |    33 ||    84
Dodge: Dodged            |    69 |    43 ||   112
